 Dungeon Crawl Stone Soup version 0.31.0-11-ge490571c62 (webtiles) character file.

Game seed: 10137967711213154820

111590 Sobieck the Marksfrog (level 16, 0/127 HPs)
             Began as a Barachi Hunter on Jan 29, 2024.
             Was the Champion of Zin.
             Slain by a spriggan defender simulacrum (12 damage)
             ... in an ice cave.
             The game lasted 01:31:21 (27615 turns).

Sobieck the Marksfrog (Barachi Hunter)             Turns: 27615, Time: 01:31:21

Health: 0/127      AC: 15    Str: 10    XL:     16   Next: 58%
Magic:  23/23      EV: 28    Int: 12    God:    Zin [******]
Gold:   575        SH:  0    Dex: 26    Spells: 7/15 levels left

rFire   . . .        a - +5 arbalest (heavy)
rCold   + . .        (shield currently unavailable)
rNeg    + . .        y - +2 troll leather armour
rPois   +            q - +2 helmet {SInv}
rElec   +            x - +2 cloak
rCorr   .            l - +1 pair of gloves of Kyjuvus {Fly rElec}
SInv    +            c - +0 pair of boots of Unnatruv {rElec rC+ Str-3 Dex+5}
Will    +....        (no amulet)
Stlth   +++          A - +5 ring of evasion
HPRegen 1.21/turn    O - ring "Miah" {rPois rN+}
MPRegen 0.18/turn

%: no passive effects
@: unable to hop, flying, slow
A: amphibious, slowness 1, strong legs 2, +LOS
a: Hop, Renounce Religion, Recite, Vitalisation, Imprison, Sanctuary, Donate
Gold


You were in an ice cave.
You worshipped Zin.
Zin was exalted by your worship.
You visited 4 branches of the dungeon, and saw 23 of its levels.
You also visited: Bailey and Ice Cave.

You collected 3428 gold pieces.
You spent 2621 gold pieces at shops.
You donated 232 gold pieces to Zin.

Inventory:

Hand Weapons
 a - a +5 heavy arbalest (weapon)
 B - the +6 whip "Qinade" {flame, Str+4}
   (You found it on level 2 of the Lair of Beasts)

   Str+4:     It affects your strength (+4).
 X - a +0 antimagic arbalest
Missiles
 F - 2 curare-tipped darts
 Z - 6 throwing nets
Armour
 c - the +0 pair of boots of Unnatruv (worn) {rElec rC+ Str-3 Dex+5}
   (You bought it in a shop on level 10 of the Dungeon)

   Str-3:     It affects your strength (-3).
   Dex+5:     It affects your dexterity (+5).
   rC+:       It protects you from cold.
   rElec:     It insulates you from electricity.
 e - a +2 pair of gloves of strength
 l - the +1 pair of gloves of Kyjuvus (worn) {Fly rElec}
   (You bought it in a shop on level 6 of the Dungeon)

   rElec:     It insulates you from electricity.
   Fly:       It grants you flight.
 q - a +2 helmet of see invisible (worn)
 x - a +2 cloak (worn)
 y - a +2 troll leather armour (worn)
 J - the +2 pair of boots "Miffuh" {SInv}
   (You found it on level 3 of the Lair of Beasts)

   SInv:      It lets you see invisible.
Magical Staves
 k - the staff "Yloca" {rPois rCorr Alchemy}
   (You found it in a bailey)

   [staff of alchemy]

   Base accuracy: +5 Base damage: 5 Base attack delay: 1.2 This weapon's minimum
   attack delay (0.6) is reached at skill level 12.
   rPois:     It protects you from poison rCorr: It protects you from acid and
   corrosion.
   Alchemy:   It increases the power of your Alchemy spells.
   It falls into the 'Staves' category.
   It is a one-handed weapon.
 w - a staff of alchemy
Jewellery
 f - a ring of protection from fire
 g - a ring of wizardry
 m - a ring of willpower
 A - a +5 ring of evasion (left hand)
 H - a ring of magical power
 O - the ring "Miah" (right hand) {rPois rN+}
   (You acquired it on level 5 of the Lair of Beasts)

   [ring of positive energy]

   rPois:     It protects you from poison rN+: It protects you from negative
   energy.
Wands
 i - a wand of mindburst (2)
 p - a wand of roots (14)
 D - a wand of digging (1)
 P - a wand of paralysis (14)
 V - a wand of flame (12)
 W - a wand of acid (15)
Scrolls
 b - 2 scrolls of blinking
 d - 2 scrolls of fear
 h - 5 scrolls of vulnerability
 j - 6 scrolls of revelation
 o - 3 scrolls of immolation
 s - 4 scrolls of noise
 u - a scroll of brand weapon
 G - a scroll of silence {!r}
 I - 2 scrolls of poison
 R - 9 scrolls of identify
 T - 4 scrolls of teleportation
 U - 3 scrolls of fog
 Y - a scroll of summoning
Potions
 n - 4 potions of mutation
 r - 9 potions of attraction
 t - a potion of magic
 v - a potion of heal wounds
 z - 2 potions of invisibility
 C - 4 potions of ambrosia
 E - 5 potions of enlightenment
 L - 3 potions of might
 M - 2 potions of cancellation
 N - a potion of lignification
 Q - 9 potions of curing
 S - 2 potions of berserk rage
Miscellaneous
 K - a phantom mirror


   Skills:
 + Level 11.7 Fighting
 - Level 18.0 Ranged Weapons
 + Level 6.1 Armour
 + Level 13.1 Dodging
 - Level 4.0 Stealth
 + Level 6.1 Fire Magic
 - Level 12.0 Alchemy
 + Level 10.1 Invocations
 - Level 6.0 Evocations


You had 7 spell levels left.
You knew the following spells:

 Your Spells              Type           Power      Damage    Failure   Level
a - Olgreb's Toxic Radia  Alch           28%        N/A       3%          4
b - Ignite Poison         Fire/Alch      21%        N/A       11%         4

Your spell library contained the following spells:

 Spells                   Type           Power      Damage    Failure   Level
 Sting                    Conj/Alch      56%        1d6       3%          1
 Mercury Vapours          Alch/Air       28%        N/A       5%          2
 Sticky Flame             Fire/Alch      21%        2d6       11%         4
 Volatile Blastmotes      Fire/Tloc      14%        2d11      36%         3
 Freeze                   Ice            0%         1d3       38%         1
 Necrotise                Necr           0%         1d4       38%         1
 Shock                    Conj/Air       0%         1d3       38%         1
 Call Canine Familiar     Summ           0%         N/A       77%         3
 Dazzling Flash           Conj/Hex       0%         N/A       77%         3
 Frozen Ramparts          Ice            0%         1d1       77%         3
 Hailstorm                Conj/Ice       0%         3d5       77%         3
 Sigil of Binding         Hex            0%         N/A       77%         3
 Swiftness                Air            0%         N/A       77%         3
 Vampiric Draining        Necr           0%         2d6       77%         3
 Airstrike                Air            0%         2d(0-16)  99%         4
 Animate Armour           Summ/Erth      0%         N/A       99%         4
 Dimensional Bullseye     Hex/Tloc       0%         N/A       99%         4
 Martyr's Knell           Necr/Summ      0%         N/A       99%         4
 Summon Lightning Spire   Summ/Air       0%         N/A       99%         4
 Vhi's Electric Charge    Tloc/Air       0%         N/A       99%         4
 Arcjolt                  Conj/Air       0%         1d10      100%        5
 Curse of Agony           Necr           0%         N/A       100%        5
 Lee's Rapid Deconstruct  Erth           0%         3d4*      100%        5
 Plasma Beam              Fire/Air       3%         2x1d13    100%        6
 Starburst                Conj/Fire      3%         6d3       100%        6
 Malign Gateway           Summ/Tloc      0%         N/A       100%        7
 Ignition                 Fire           7%         3d4       100%        8
 Maxwell's Capacitive Co  Air            0%         ∞         100%        8


Dungeon Overview and Level Annotations

Branches:
Dungeon (15/15)            Temple (0/1) D:4            Lair (5/5) D:11
  Swamp (1/4) Lair:2       Spider (0/4) Lair:2        Slime (0/5) Lair:5
    Orc (2/2) D:11            Elf (0/3) Orc:2        Vaults (0/5) D:13
 Depths (0/4) D:15         Bailey (visited)           IceCv (1/1)

Altars:
Fedhas
Kikubaaqudgha
Makhleb
Okawaru
Sif Muna
Wu Jian
Xom
Yredelemnul
Zin
The Shining One
Jiyva

Shops:
D:2 [   D:6 [(   D:10 *   D:12 !   D:15 [   Orc:1 *   Orc:2 ?((?[

Annotations:
D:3 DIG FOR SCROLLs
D:5 1 runed translucent door, Crazy Yiuf
D:6 3 runed translucent doors, stipulation's ghost, novice VSNe
D:7 1 transporter, Aldia's ghost, novice FeSu
D:12 2 transporters


Innate Abilities, Weirdness & Mutations

You are amphibious.
You cover ground slowly.
You can hop long distances.
You have an extended range of vision and can be seen from far away.


Message History

The bolt hits the minotaur simulacrum!!!
The minotaur simulacrum vaporises!
Zin accepts your kill.
The spriggan defender simulacrum misses you.
The spriggan defender simulacrum completely misses you.
You shoot a bolt.
The bolt hits the spriggan defender simulacrum!!
The spriggan defender simulacrum is heavily damaged.
The spriggan defender simulacrum completely misses you.
The spriggan defender simulacrum hits you.
The spriggan defender simulacrum freezes you!!
You resist.
* * * LOW HITPOINT WARNING * * *
You shoot a bolt.
The bolt misses the spriggan defender simulacrum.
The spriggan defender simulacrum misses you.
The spriggan defender simulacrum closely misses you.
You shoot a bolt.
The bolt hits the spriggan defender simulacrum!
The spriggan defender simulacrum is severely damaged.
The spriggan defender simulacrum hits you but does no damage.
The spriggan defender simulacrum hits you!
* * * LOW HITPOINT WARNING * * *
The spriggan defender simulacrum freezes you!
You resist.
* * * LOW HITPOINT WARNING * * *
You are too injured to fight recklessly!
You shoot a bolt.
The bolt closely misses the spriggan defender simulacrum.
The spriggan defender simulacrum hits you.
* * * LOW HITPOINT WARNING * * *
The spriggan defender simulacrum freezes you!!
You resist.
* * * LOW HITPOINT WARNING * * *
The spriggan defender simulacrum hits you!
* * * LOW HITPOINT WARNING * * *
The spriggan defender simulacrum freezes you!
You resist.
* * * LOW HITPOINT WARNING * * *
Unknown command.
Unknown command.
Hop to where?
Press: ? - help, Dir - move target, p - spriggan defender simulacrum Boing!
Unknown command.
Unknown command.
You shoot a bolt.
The bolt closely misses the spriggan defender simulacrum.
The spriggan defender simulacrum hits you!
You die...

...# #..# ...
####### ##..
§#....## #...#
....#..## #..###
..####..# #°.##
#§.###..# ##Z.##
#..##...## ##@.##
#...##...## ###...#
...####...# ##..#..#
.####.#.#####...#.##
## ##)#.##...##.## #
##....####### ######


You could see a spriggan defender simulacrum.

Vanquished Creatures
  Donald (Orc:2)
  An ironbound thunderhulk (D:13)
  A dire elephant (D:15)
  A fire dragon (Lair:5)
  A catoblepas (Lair:4)
  5 centaur warriors
  4 hydras
  An ogre mage (D:15)
  A ghost crab (Swamp:1)
  7 two-headed ogres
  A tengu warrior (D:14)
  A death knight (D:15)
  4 boulder beetles
  6 orc high priests
  A skyshark (Lair:4)
  A salamander mystic (D:15)
  9 skeletal warriors (D:13)
  2 swamp dragons
  A bog body (Swamp:1)
  An obsidian statue (IceCv)
  5 spriggan simulacra (IceCv)
  2 lindwurms
  10 orc knights
  4 deep elf pyromancers
  3 orc sorcerers
  10 ugly things
  2 wolf spiders
  3 cyclopes
  22 elephants
  A kobold blastminer (Orc:2)
  14 black mambas
  19 cane toads
  2 torpor snails (Lair:4)
  A guardian serpent (Lair:5)
  A water nymph (D:15)
  8 rime drakes
  An unseen horror (D:13)
  An efreet (D:15)
  5 freezing wraiths
  A kobold demonologist (D:13)
  16 komodo dragons
  An unseen horror (shapeshifter) (D:13)
  Psyche (D:12)
  3 ice devils (IceCv)
  9 trolls
  A polar bear (Lair:5)
  A wolf spider simulacrum (D:14)
  Prince Ribbit (D:6)
  A tyrant leech (Swamp:1)
  3 hornets
  An alligator simulacrum (IceCv)
  4 dream sheep (Lair:3)
  21 blink frogs
  Sigmund (D:2)
  2 shadows
  A vampire (D:13)
  2 dire elephant simulacra (IceCv)
  9 slime creatures
  8 wyverns
  A hog (shapeshifter) (D:14)
  8 basilisks
  5 wraiths
  3 steam dragons
  A redback (Lair:5)
  2 humans
  55 yaks
  3 vampire mosquitoes (D:13)
  5 wargs
  3 minotaur simulacra (IceCv)
  A redback (shapeshifter) (D:13)
  A harpy simulacrum (IceCv)
  Duvessa (D:6)
  2 acid dragons (D:9)
  A swamp drake (Lair:5)
  32 water moccasins
  An ice beast (D:6)
  2 black bears
  31 orc warriors
  2 laughing skulls (D:14)
  15 wolves
  7 ogres
  5 centaurs
  12 bullfrogs
  8 gnoll sergeants (Bailey)
  7 scorpions
  6 deep troll simulacra (IceCv)
  Dowan (D:6)
  3 killer bees (D:11)
  2 electric eels (D:9)
  2 vampire bats (D:3)
  4 howler monkeys
  3 hounds
  4 jellies
  35 orc priests
  11 gnoll boudas
  14 orc wizards
  Terence (D:2)
  A sleepcap (D:7)
  Natasha (thrice) (D:4)
  10 iguanas
  An adder (D:5)
  32 gnolls
  2 shadow imps
  A dart slug (D:1)
  10 ribbon worms
  92 orcs
  8 ball pythons
  3 bat skeletons (D:3)
  A bat zombie (D:3)
  4 endoplasms
  3 giant cockroaches
  12 goblins
  7 hobgoblins
  3 jackals (D:4)
  9 kobolds
  5 quokkas
  7 bats
  4 frilled lizards
  2 rats (D:1)
  2 butterflies (Lair:1)
773 creatures vanquished.

Vanquished Creatures (collateral kills)
  An orc priest (Orc:2)
1 creature vanquished.

Vanquished Creatures (others)
  5 dream sheep (D:7)
5 creatures vanquished.

Grand Total: 779 creatures vanquished

Notes
Turn   | Place    | Note
-------+----------+-------------------------------------------
     0 | D:1      | Sobieck the Barachi Hunter began the quest for the Orb.
     0 | D:1      | Reached XP level 1. HP: 17/17 MP: 1/1
    68 | D:1      | Reached XP level 2. HP: 23/23 MP: 2/2
   201 | D:1      | Reached skill level 1 in Evocations
   217 | D:1      | Reached XP level 3. HP: 28/28 MP: 3/3
   504 | D:2      | Reached skill level 3 in Fighting
   547 | D:2      | Found a basalt altar of Yredelemnul.
   551 | D:2      | Noticed Terence
   566 | D:2      | Killed Terence
   567 | D:2      | Reached XP level 4. HP: 5/35 MP: 4/4
   715 | D:2      | Noticed Sigmund
   724 | D:2      | Killed Sigmund
   725 | D:2      | Reached skill level 5 in Ranged Weapons
   725 | D:2      | Reached skill level 3 in Dodging
   725 | D:2      | Reached XP level 5. HP: 42/42 MP: 5/5
   725 | D:2      | Reached XP level 6. HP: 48/48 MP: 6/6
   832 | D:2      | Found Lyaq's Antique Armour Shop.
  1327 | D:3      | Found a faded altar of an unknown god.
  1447 | D:3      | Found a glowing silver altar of Zin.
  1590 | D:3      | Became a worshipper of Zin the Law-Giver
  1590 | D:3      | Reached * piety under Zin
  1641 | D:3      | Found an ancient bone altar of Kikubaaqudgha.
  2098 | D:4      | Noticed Natasha
  2131 | D:4      | Reached skill level 3 in Evocations
  2135 | D:4      | Killed Natasha
  2136 | D:4      | Reached skill level 6 in Ranged Weapons
  2136 | D:4      | Reached XP level 7. HP: 45/55 MP: 7/7
  2167 | D:4      | Noticed Natasha
  2181 | D:4      | Reached skill level 1 in Stealth
  2209 | D:4      | Killed Natasha
  2636 | D:4      | Noticed Natasha
  2650 | D:4      | Killed Natasha
  2751 | D:4      | Reached ** piety under Zin
  2970 | D:4      | Reached skill level 1 in Invocations
  2975 | D:4      | Found a staircase to the Ecumenical Temple.
  3257 | D:5      | Entered Level 5 of the Dungeon
  3494 | D:5      | Reached XP level 8. HP: 33/63 MP: 9/9
  3887 | D:5      | Found a burning altar of Makhleb.
  3887 | D:5      | Noticed a cacodemon
  3919 | D:5      | Found a shimmering blue altar of Sif Muna.
  3963 | D:5      | Found a runed translucent door.
  3964 | D:5      | Noticed Crazy Yiuf
  4163 | D:6      | Noticed Duvessa
  4163 | D:6      | Noticed Dowan
  4181 | D:5      | Reached skill level 7 in Ranged Weapons
  4360 | D:6      | Found Xungym's Antique Armour Emporium.
  4382 | D:6      | Reached skill level 6 in Fighting
  4596 | D:6      | Noticed Prince Ribbit
  4616 | D:6      | Killed Prince Ribbit
  4617 | D:6      | Reached skill level 3 in Stealth
  4817 | D:6      | Found Peuro's Antique Weapon Shop.
  4826 | D:6      | Reached XP level 9. HP: 69/69 MP: 11/11
  4838 | D:6      | Reached skill level 8 in Ranged Weapons
  4838 | D:6      | Reached skill level 3 in Invocations
  5194 | D:6      | Found a blossoming altar of Fedhas.
  5241 | D:6      | Found a runed translucent gate.
  5241 | D:6      | Found a runed translucent gate.
  5241 | D:6      | Found a runed translucent gate.
  5242 | D:6      | Noticed stipulation's ghost (novice VSNe)
  5254 | D:6      | Bought an arbalest for 117 gold pieces
  5498 | D:6      | Killed Duvessa
  5505 | D:6      | Killed Dowan
  5506 | D:6      | Reached skill level 6 in Dodging
  5713 | D:7      | Noticed Aldia's ghost (novice FeSu)
  5714 | D:7      | Found a transporter.
  6052 | D:7      | Found a flagged portal.
  6066 | Bailey   | Entered a bailey
  6077 | Bailey   | Reached skill level 9 in Ranged Weapons
  6579 | Bailey   | Reached *** piety under Zin
  6617 | Bailey   | Reached skill level 10 in Ranged Weapons
  6620 | Bailey   | Reached XP level 10. HP: 55/76 MP: 13/13
  6931 | Bailey   | Got Sif Muna's Compendium of Stony Adjuration
  6934 | Bailey   | Identified the staff "Yloca" {rPois rCorr Alchemy}
  7101 | D:7      | Found a shimmering altar of Xom.
  7340 | D:6      | Bought a pair of jewelled gloves for 228 gold pieces
  7340 | D:6      | Identified the +1 pair of gloves of Kyjuvus {Fly rElec}
                  | (You bought it in a shop on level 6 of the Dungeon)
  7462 | D:7      | Reached **** piety under Zin
  7487 | D:7      | Found an ornate altar of the Wu Jian Council.
  8182 | D:8      | Reached skill level 11 in Ranged Weapons
  8643 | D:9      | Reached skill level 12 in Ranged Weapons
  9125 | D:9      | Reached XP level 11. HP: 66/83 MP: 15/15
 10005 | D:10     | Entered Level 10 of the Dungeon
 10419 | D:10     | Noticed a two-headed ogre
 10535 | D:10     | Killed a two-headed ogre
 10704 | D:10     | Found Liodel's Assorted Antiques.
 10713 | D:10     | Bought a fizzy pink potion for 31 gold pieces
 10713 | D:10     | Bought a smoky grey potion for 31 gold pieces
 10932 | D:10     | Reached ***** piety under Zin
 11030 | D:10     | Reached skill level 13 in Ranged Weapons
 11077 | D:10     | Found a glowing golden altar of the Shining One.
 11181 | D:11     | Reached skill level 6 in Invocations
 11971 | D:11     | Found a staircase to the Orcish Mines.
 12129 | D:11     | Noticed a boulder beetle
 12142 | D:11     | Killed a boulder beetle
 12143 | D:11     | Reached XP level 12. HP: 93/93 MP: 16/16
 12307 | D:11     | Found a staircase to the Lair.
 12482 | D:11     | Reached skill level 6 in Evocations
 12656 | D:12     | Found a transporter.
 12656 | D:12     | Found a transporter.
 12698 | D:12     | Noticed Psyche
 12700 | D:12     | Killed Psyche
 12854 | D:12     | Found Joxekh's Distillery.
 12860 | D:12     | Bought 2 potions of degeneration for 28 gold pieces
 13667 | D:12     | Identified a scroll of acquirement
 13667 | D:12     | Acquired 782 gold pieces
 13760 | D:10     | Bought a scroll of teleportation for 105 gold pieces
 13760 | D:10     | Bought a pair of warped boots for 332 gold pieces
 13760 | D:10     | Identified the +0 pair of boots of Unnatruv {rElec rC+
                  | Str-3 Dex+5} (You bought it in a shop on level 10 of the
                  | Dungeon)
 13950 | D:2      | Bought a glowing helmet for 202 gold pieces
 14056 | D:6      | Bought a pair of embroidered gloves for 180 gold pieces
 14307 | D:13     | Noticed a centaur warrior
 14307 | D:13     | Noticed a two-headed ogre
 14373 | D:12     | Killed a two-headed ogre
 14374 | D:12     | Reached skill level 14 in Ranged Weapons
 14396 | D:13     | Killed a centaur warrior
 14470 | D:13     | Noticed an ironbound thunderhulk
 14471 | D:13     | Reached skill level 9 in Fighting
 14487 | D:13     | Killed an ironbound thunderhulk
 14527 | D:13     | Found a gate to the Vaults.
 14941 | Lair:1   | Entered Level 1 of the Lair of Beasts
 14942 | Lair:1   | Noticed a boulder beetle
 14953 | Lair:1   | Killed a boulder beetle
 15118 | Lair:1   | Reached skill level 9 in Dodging
 15524 | Lair:1   | Reached ****** piety under Zin
 15851 | Lair:2   | Found a staircase to the Swamp.
 15864 | Lair:2   | Gained mutation: You can hop long distances. [Barachi
                  | growth]
 15864 | Lair:2   | Reached XP level 13. HP: 103/103 MP: 18/18
 15912 | Lair:2   | Reached skill level 15 in Ranged Weapons
 15925 | Lair:2   | Identified the +6 whip "Qinade" {flame, Str+4}
 16269 | Lair:2   | Found a hole to the Spider Nest.
 16806 | Lair:3   | Identified the +2 pair of boots "Miffuh" {SInv}
 17147 | Lair:3   | Reached skill level 16 in Ranged Weapons
 17576 | Lair:3   | Reached skill level 9 in Invocations
 17863 | Lair:4   | Reached XP level 14. HP: 110/110 MP: 20/20
 18072 | Lair:3   | Reached skill level 17 in Ranged Weapons
 18749 | Lair:4   | Reached skill level 12 in Dodging
 19536 | Lair:5   | Entered Level 5 of the Lair of Beasts
 19559 | Lair:4   | Reached skill level 18 in Ranged Weapons
 19725 | Lair:5   | Reached skill level 1 in Alchemy
 19732 | Lair:4   | Reached skill level 1 in Armour
 19799 | Lair:5   | Found a staircase to the Slime Pits.
 19800 | Lair:5   | Found a viscous altar of Jiyva.
 19846 | Lair:5   | Acquired the ring "Miah" {rPois rN+}
 20029 | Lair:5   | Reached skill level 3 in Alchemy
 20052 | Lair:5   | Learned a level 4 spell: Olgreb's Toxic Radiance
 20057 | Lair:5   | Learned a level 4 spell: Ignite Poison
 20907 | Lair:4   | Reached skill level 3 in Armour
 20997 | Lair:5   | Reached XP level 15. HP: 117/117 MP: 22/22
 21820 | Orc:1    | Entered Level 1 of the Orcish Mines
 21906 | Orc:1    | Paralysed by an orc sorcerer for 5 turns
 21912 | Orc:1    | Paralysed by an orc sorcerer for 3 turns
 22088 | Orc:1    | Found Kenaes's Mayhem Merchandise.
 22180 | Orc:1    | Reached skill level 6 in Alchemy
 22521 | Orc:2    | Entered Level 2 of the Orcish Mines
 22523 | Orc:2    | Found a staircase to the Elven Halls.
 22701 | Orc:2    | Noticed Donald
 23942 | D:14     | Found an iron altar of Okawaru.
 24457 | D:14     | Reached skill level 1 in Fire Magic
 24785 | D:15     | Entered Level 15 of the Dungeon
 24887 | D:15     | Found Tuitz's Armour Shop.
 24913 | D:15     | Reached skill level 9 in Alchemy
 24923 | D:15     | Reached skill level 3 in Fire Magic
 25026 | D:15     | Reached XP level 16. HP: 126/126 MP: 23/23
 25392 | D:15     | Found a staircase to the Depths.
 25713 | Orc:2    | Killed Donald
 25912 | Orc:2    | Found Ewairph's Armour Emporium.
 26482 | Orc:2    | Reached skill level 12 in Alchemy
 27093 | Orc:2    | Found Pymyus's Magic Scroll Emporium.
 27093 | Orc:2    | Found Ongueti's Antique Weapon Emporium.
 27094 | Orc:2    | Found Texoaf's Antique Weapon Shoppe.
 27094 | Orc:2    | Found Xyuzeisa's Magic Scroll Emporium.
 27106 | Orc:2    | Bought a glowing arbalest for 247 gold pieces
 27110 | Orc:2    | Bought a scroll of summoning for 133 gold pieces
 27110 | Orc:2    | Bought a scroll of enchant weapon for 105 gold pieces
 27110 | Orc:2    | Bought a scroll of enchant weapon for 105 gold pieces
 27110 | Orc:2    | Bought a scroll of revelation for 105 gold pieces
 27115 | Orc:2    | Bought 3 scrolls of revelation for 270 gold pieces
 27115 | Orc:2    | Bought a scroll of enchant armour for 90 gold pieces
 27115 | Orc:2    | Bought a scroll of fear for 48 gold pieces
 27115 | Orc:2    | Bought a scroll of fog for 48 gold pieces
 27115 | Orc:2    | Bought a scroll of blinking for 90 gold pieces
 27115 | Orc:2    | Bought a scroll of teleportation for 36 gold pieces
 27115 | Orc:2    | Bought a scroll of revelation for 90 gold pieces
 27287 | Swamp:1  | Entered Level 1 of the Swamp
 27384 | Swamp:1  | Found a glacial archway.
 27401 | IceCv    | Entered an ice cave
 27412 | IceCv    | Reached skill level 6 in Fire Magic
 27552 | IceCv    | Reached skill level 6 in Armour
 27615 | IceCv    | Slain by a spriggan defender simulacrum

Illustrated notes

Levels and vault maps discovered:
D:1:      dreamdust_arrival_sigmund_warning, layout_basic
D:2:      layout_rooms, serial_shops, shop, basic_altar, minmay_tromino_v7,
          uniq_terence, uniq_sigmund
D:3:      layout_rooms, zin_scriptorium, kennysheep_vampire_church,
          dreamdust_ecumenical_altar_hidden_monk_grotto,
          corexii_leaking_fountain
D:4:      layout_layer_cave, minmay_temple_entry_trees, uniq_natasha
D:5:      layout_cave_pools, makhleb_altar_promises_db,
          nicolae_sif_muna_little_library, hangedman_minor_gate_pass,
          uniq_crazy_yiuf_cottage
D:6:      layout_cave_pools, general_overflow_altar,
          gammafunk_ghost_nasty_kobolds, serial_shops, shop,
          nicolae_shop_tiny_glass, uniq_duvessa, uniq_prince_ribbit1
D:7:      layout_gridville, pdpol_wu_jian_five_deadly_venoms,
          kb_xom_exploding_sheep, enter_bailey_5, gammafunk_ghost_stat_death
D:8:      layout_basic
D:9:      layout_basic
D:10:     layout_stronghold, nicolae_tso_swordbearing_angel, serial_shops, shop,
          minmay_misc_feat_columns
D:11:     layout_irregular_city, grunt_lair_entry_orc_guard_hut, erik_orc_4
D:12:     layout_basic, serial_shops, nicolae_shop_industrial_runoff,
          serial_glass, glass_columns_a, glass_columns_b,
          kennysheep_decorative_pillar, nicolae_diode_stairs, uniq_psyche
D:13:     layout_roguey, hellmonk_vaults_keyhole
D:14:     layout_roguey, okawaru_ov_weapons_minmay
D:15:     hangedman_depths_entry_try_elsewhere_first, layout_cave_pools,
          serial_shops, nicolae_shop_just_a_little_nook
Lair:1:   layout_loops_ring, chequers_serial_rivers_micro_a,
          lemuel_fruit_fields, grunt_megastairs_2
Lair:2:   layout_regular_city, minmay_swamp_entry_reptiles,
          nicolae_spider_entry_non_spiders
Lair:3:   layout_chaotic_city, grunt_megastairs_1
Lair:4:   nzn_winding_woodlands_stair_cross [nzn_winding_woodlands_5x15_pool,
          nzn_winding_woodlands_center_garden,
          nzn_winding_woodlands_5x15_sawtooth, nzn_winding_woodlands_hourglass,
          nzn_winding_woodlands_5x5_default, nzn_winding_woodlands_5x15_jagged,
          nzn_winding_woodlands_center_lodge,
          nzn_winding_woodlands_5x15_longhouse], layout_layer_cave
Lair:5:   hangedman_lair_tendril_chambers, layout_regular_city,
          guppyfry_lair_end_dragon, slime_entry_1
Swamp:1:  dpeg_oklob_gauntlet, layout_basic_swamp,
          portal_ice_cave_entry_frozen_things, evilmike_swamp_ruin_house_2,
          swamp_pool_4
Orc:1:    layout_caves, nicolae_orc_damp_corner, minmay_shop_mayhem
Orc:2:    st_orc_pillars, layout_diamond_mine, serial_shops,
          nicolae_shop_advertising_works [nicolae_subvault_shop_adworks],
          basic_altar, uniq_donald
IceCv:    ice_cave_caverns_02

Skill      XL: |  1  2  3  4  5  6  7  8  9 10 11 12 13 14 15 16 |
---------------+-------------------------------------------------+-----
Evocations     | 1 2 3 5 6 |  6.0
Fighting       | 3 4 5 6 8 9 10 11 | 11.7
Ranged Weapons | 5 6 7 10 12 13 14 16 18 | 18.0
Dodging        | 3 4 5 6 7 9 11 12 13 | 13.1
Stealth        | 2 3 4 |  4.0
Invocations    | 1 2 4 5 6 7 9 10 | 10.1
Alchemy        | 4 9 12 | 12.0
Armour         | 3 5 6 |  6.1
Fire Magic     | 3 6 |  6.1

Action                     |  1- 3 |  4- 6 |  7- 9 | 10-12 | 13-15 | 16-18 || total
---------------------------+-------+-------+-------+-------+-------+-------++-------
   Fire: Shortbow          |    97 |   167 |   307 |       |       |       ||   571
         Arbalest          |       |       |   150 |   455 |   902 |   223 ||  1730
   Cast: Ignite Poison     |       |       |       |       |       |    13 ||    13
         Olgreb's Toxic Ra |       |       |       |       |       |    12 ||    12
 Invoke: Recite            |       |     2 |    12 |     4 |     8 |     8 ||    34
         Vitalisation      |       |       |     1 |       |       |       ||     1
         Sanctuary         |       |       |       |       |     1 |       ||     1
Ability: Hop               |     1 |     4 |     7 |    12 |     8 |     4 ||    36
  Evoke: Wand              |       |     3 |     4 |       |     2 |       ||     9
         Phantom mirror    |       |       |       |       |     1 |       ||     1
    Use: Potion            |     2 |     1 |     1 |     4 |     4 |       ||    12
         Scroll            |       |    10 |     6 |    15 |    14 |     3 ||    48
 Armour: Leather armour    |    23 |    69 |   121 |    83 |       |       ||   296
         Troll leather arm |       |       |       |   126 |   354 |    43 ||   523
  Dodge: Dodged            |    14 |    85 |   137 |   257 |   833 |   126 ||  1452
